 Dungeon Crawl Stone Soup version 0.28-a0-1629-gf728b707aa (webtiles) character file.

Game seed: 5171427409193776919

2251 vineage the Fighter (level 9, -4/68 HPs)
             Began as a Gargoyle Fighter on Jan 24, 2022.
             Was a Believer of Okawaru.
             Slain by Harold (8 damage)
             ... on level 7 of the Dungeon.
             The game lasted 00:08:04 (10086 turns).

vineage the Fighter (Gargoyle Fighter)             Turns: 10086, Time: 00:08:05

Health: -4/68      AC: 17    Str: 24    XL:     9   Next: 37%
Magic:  8/8        EV: 10    Int:  9    God:    Okawaru [**....]
Gold:   405        SH:  6    Dex: 16    Spells: 8/8 levels left

rFire   . . .      SeeInvis +   n - +4 dagger "Enwigg" {freeze, Str-4 Dex+5}
rCold   + . .      Faith    .   c - +0 buckler
rNeg    + . .      Spirit   .   l - +2 ring mail {rC+}
rPois   ∞          Reflect  .   (no helmet)
rElec   +          Harm     .   (no cloak)
rCorr   .          Rampage  .   (no gloves)
Will    .....                   r - +1 pair of boots {Stlth+}
Stlth   ++........              (no amulet)
HPRegen 0.21/turn               f - ring of see invisible
MPRegen 0.11/turn               v - +6 ring of strength

@: marked, flying, invisible
A: sickness immunity, AC +6, negative energy resistance 1, electricity
resistance, torment resistance 1, petrification resistance, low mp 1, robust 1
a: Renounce Religion, Heroism


You were on level 7 of the Dungeon.
You worshipped Okawaru.
Okawaru was pleased with you.
You visited 2 branches of the dungeon, and saw 8 of its levels.

You collected 405 gold pieces.

Inventory:

Hand Weapons
 a - a +0 flail
 n - the +4 dagger "Enwigg" (weapon) {freeze, Str-4 Dex+5}
   (You found it on level 4 of the Dungeon)

   It freezes those it strikes, dealing additional cold damage.
   It can also slow down cold-blooded creatures.
   Str:       It affects your strength (-4).
   Dex:       It affects your dexterity (+5).
Armour
 c - a +0 buckler (worn)
 l - a +2 ring mail of cold resistance (worn)
 r - a +1 pair of boots of stealth (worn)
Jewellery
 f - a ring of see invisible (left hand)
 h - an amulet of faith
 m - a ring of fire
 u - a ring of protection from cold
 v - a +6 ring of strength (right hand)
Wands
 j - a wand of flame (15)
 p - a wand of digging (4)
Scrolls
 d - a scroll of enchant armour
 g - 3 scrolls of teleportation
 w - 2 scrolls of identify
Potions
 b - a potion of degeneration {unknown}
 e - a potion of lignification {unknown}
 i - a potion of flight
 o - a potion of cancellation {unknown}
 q - a potion of haste
 s - a potion of heal wounds {unknown}
 x - 2 potions of mutation


   Skills:
 * Level 9.8 Fighting
 - Level 3.5 Maces & Flails
 + Level 7.2 Armour
 + Level 7.2 Shields


You had 8 spell levels left.
You didn't know any spells.
Your spell library contained the following spells:

 Spells                   Type           Power      Damage    Failure   Level
 Ensorcelled Hibernation  Hex/Ice        0%         N/A       75%         2
 Dazzling Flash           Conj/Hex       0%         N/A       92%         3
 Spider Form              Tmut/Pois      0%         N/A       92%         3
 Anguish                  Hex/Necr       0%         N/A       100%        4
 Iskenderun's Mystic Bla  Conj/Tloc      0%         2d3       100%        4
 Starburst                Conj/Fire      0%         6d3       100%        6


Dungeon Overview and Level Annotations

Branches:
Dungeon (7/15)             Temple (1/1) D:4

Altars:
Cheibriados
Gozag
Kikubaaqudgha
Makhleb
Okawaru
Qazlal
Ru
Sif Muna
Trog
Wu Jian
Xom
Yredelemnul
The Shining One

Shops:
D:3 :

Annotations:
D:3 2 transporters
D:7 Harold


Innate Abilities, Weirdness & Mutations

You are immune to sickness and miasma.
Your stone body is resilient. (AC +6)
You are immune to poison.
You resist negative energy. (rN+)
You are resistant to electric shocks. (rElec)
You are resistant to unholy torment.
You are immune to petrification.
Your magical capacity is low. (-10% MP)
You are robust. (+10% HP)


Message History

You are too injured to fight recklessly!
You are too injured to fight recklessly!
You are too injured to fight recklessly!
You are too injured to fight recklessly!
You are too injured to fight recklessly!
You are too injured to fight recklessly!
You are too injured to fight recklessly!
You are too injured to fight recklessly!
You are too injured to fight recklessly!
You catch the helpless Harold completely off-guard!
You hit Harold. You freeze Harold.
Harold is moderately wounded.
Harold barely misses you.
You hit Harold but do no damage.
Harold is moderately wounded.
Harold asks, "Do you mind if I name my boat the 'vineage'?
Your head will be paying for it, after all."
Harold casts a spell at you. The mark upon you grows brighter.
You hit Harold but do no damage.
Harold is moderately wounded.
Harold casts a spell at you. The mark upon you grows brighter.
You hit Harold but do no damage.
Harold is moderately wounded.
Harold hits you with a +0 short sword!
* * * LOW HITPOINT WARNING * * *
You hit Harold but do no damage.
Harold is moderately wounded.
You block Harold's attack.
It was a potion of mutation.
You feel extremely strange.
You feel robust.
You feel less energetic. Harold hits you but does no damage.
It was a potion of flight.
You feel very buoyant.
You fly up into the air.
Harold says, "This is so exciting!
What a great way to end my career!"
Harold barely misses you.
It was a potion of magic.
Magic courses through your body. Harold hits you with a +0 short sword!
You die...

###### #....# #.##.# #
##########.##.######.#
.................>...#
##########.##.##...###
#.......##.##@..#
#........#...@.......
#......#.####...#####
#......#.####...#
#......#....#...#
#......####.#####
#......# #.#
####......####.#
...............#######


You could see Harold.

Vanquished Creatures
  Menkaure (D:7)
  2 water moccasins
  Pargi (D:3)
  A necrophage (D:5)
  6 ogres
  A bullfrog (D:6)
  2 scorpions
  A wyvern skeleton (D:4)
  A water moccasin skeleton (D:5)
  A centaur zombie (D:6)
  7 hounds
  An orc priest (D:6)
  2 centaur skeletons
  A bullfrog skeleton (D:5)
  2 jellies
  2 gnoll shamans
  Jessica (D:2)
  5 iguanas
  2 orc wizards (D:6)
  A hound skeleton (D:5)
  Robin (D:4)
  10 gnolls
  8 adders
  2 worms
  5 dart slugs
  5 orcs
  4 ball pythons
  8 endoplasms
  3 giant cockroaches
  14 goblins
  9 hobgoblins
  5 kobolds
  2 quokkas
  6 bats
  4 frilled lizards
  7 rats
134 creatures vanquished.

Vanquished Creatures (others)
  2 plants (D:3)
2 creatures vanquished.

Grand Total: 136 creatures vanquished

Notes
Turn   | Place    | Note
-------+----------+-------------------------------------------
     0 | D:1      | vineage the Gargoyle Fighter began the quest for the Orb.
     0 | D:1      | Reached XP level 1. HP: 14/14 MP: 1/1
     5 | D:1      | Noticed a black mamba
   165 | D:1      | Noticed a black mamba
   179 | D:1      | Reached XP level 2. HP: 18/19 MP: 2/2
   558 | D:1      | Reached XP level 3. HP: 23/24 MP: 3/3
   795 | D:1      | Found a faded altar of an unknown god.
   930 | D:1      | Reached skill level 4 in Fighting
  1304 | D:2      | Noticed Jessica
  1309 | D:2      | Killed Jessica
  1310 | D:2      | Reached XP level 4. HP: 29/29 MP: 4/4
  1787 | D:3      | Found Hiuffeu's Book Boutique.
  1899 | D:3      | Found a transporter.
  1906 | D:3      | Noticed a kobold demonologist
  1982 | D:3      | Reached XP level 5. HP: 9/34 MP: 5/5
  2291 | D:3      | Found a transporter.
  2995 | D:3      | Noticed Pargi
  3009 | D:3      | Killed Pargi
  3010 | D:3      | Reached skill level 5 in Fighting
  3010 | D:3      | Reached XP level 6. HP: 28/40 MP: 6/6
  4456 | D:4      | Found a staircase to the Ecumenical Temple.
  4482 | Temple   | Entered the Ecumenical Temple
  4680 | Temple   | Became a worshipper of Warmaster Okawaru
  4764 | D:4      | Identified the +4 dagger "Enwigg" {freeze, Str-4 Dex+5}
  4780 | D:4      | Reached skill level 6 in Fighting
  4780 | D:4      | Reached XP level 7. HP: 10/46 MP: 7/7
  5142 | D:4      | Identified the +1 helmet "Qumizen" {rF++}
  5142 | D:4      | Noticed Robin
  5154 | D:4      | Reached skill level 5 in Armour
  5154 | D:4      | Reached skill level 5 in Shields
  5179 | D:4      | Killed Robin
  6043 | D:5      | Entered Level 5 of the Dungeon
  6069 | D:5      | Reached * piety under Okawaru
  6070 | D:5      | Reached skill level 7 in Fighting
  6275 | D:5      | Reached XP level 8. HP: 41/53 MP: 8/8
  7096 | D:5      | Reached skill level 8 in Fighting
  8017 | D:6      | Reached ** piety under Okawaru
  8182 | D:6      | Reached XP level 9. HP: 60/60 MP: 9/9
  8264 | D:6      | Reached skill level 9 in Fighting
  9514 | D:7      | Found a bloodstained altar of Trog.
  9515 | D:7      | Noticed Menkaure
  9536 | D:7      | Killed Menkaure
 10060 | D:7      | Noticed Harold
 10084 | D:7      | Gained mutation: You are robust. (+10% HP) [potion of
                  | mutation]
 10084 | D:7      | Gained mutation: Your magical capacity is low. (-10% MP)
                  | [potion of mutation]
 10086 | D:7      | Slain by Harold

Illustrated notes

Levels and vault maps discovered:
D:1:      sevenhm_arrival_forest_fort_small_2, layout_basic,
          ebering_ecumenical_altar_sacrificial
D:2:      layout_loops_cross, uniq_jessica
D:3:      gammafunk_wand_slinger, layout_loops_corners, serial_shops,
          nicolae_shop_competitors_out_of_business, serial_forest,
          infiniplex_forest_clump_long, infiniplex_forest_clump_medium,
          infiniplex_forest_straight_1, infiniplex_forest_straight_4,
          infiniplex_forest_end_double, infiniplex_forest_split,
          kennysheep_doodads, kennysheep_nondescript, uniq_pargi
D:4:      layout_loops_ring, minmay_temple_entry_slanted, uniq_robin
D:5:      layout_rooms, minmay_tree_intersection, minmay_quadrilaterals
D:6:      kennysheep_spiral_hall, layout_loops_ring,
          kennysheep_opposing_triangles
D:7:      layout_basic, trog_wizard, uniq_harold, uniq_menkaure
Temple:   mainiacjoe_temple_trianglar_array

Skill      XL: |  1  2  3  4  5  6  7  8  9 |
---------------+----------------------------+-----
Fighting       | 4 5 6 7 8 9 |  9.8
Armour         | 4 5 6 7 |  7.2
Shields        | 4 5 6 7 |  7.2
Maces & Flails | 3 |  3.5

Action                   |  1- 3 |  4- 6 |  7- 9 || total
-------------------------+-------+-------+-------++-------
Melee: Flail             |    97 |   179 |       ||   276
       Dagger            |       |     7 |   349 ||   356
Invok: Heroism           |       |       |     3 ||     3
  Use: Scroll            |     1 |     1 |     7 ||     9
       Potion            |       |     1 |     7 ||     8
 Stab: Sleeping          |       |       |     3 ||     3
       Invisible         |       |       |     1 ||     1
Armor: Scale mail        |    47 |   102 |    89 ||   238
       Ring mail         |       |       |    85 ||    85
Dodge: Dodged            |    42 |    84 |   124 ||   250
Block: Buckler           |    20 |    54 |    87 ||   161

Table legend: (Time is in decaauts)
 A = Elapsed time spent in this place.
 B = Non-inter-level travel time spent in this place.
 C = Inter-level travel time spent in this place.
 D = Time resting spent in this place.
 E = Time spent auto-exploring this place.
 F = Levels seen in this place.
 G = Mean time per level.
                   A        B        C        D        E       F      G
               +--------+--------+--------+--------+--------+-----+--------+
         Total |  10154 |   9800 |    354 |   2301 |   6212 |   8 | 1269.2 |
       Dungeon |   9925 |   9604 |    321 |   2301 |   6020 |   7 | 1417.9 |
        Temple |    228 |    195 |     33 |      0 |    192 |   1 |  228.0 |
               +--------+--------+--------+--------+--------+-----+--------+

Top non-repeatable levels by time:
     D:4: 2241 daAuts
     D:3: 1830 daAuts
     D:5: 1573 daAuts
     D:6: 1299 daAuts
     D:7: 1150 daAuts
     D:1: 1107 daAuts
     D:2: 722 daAuts
  Temple: 228 daAuts
